 Dungeon Crawl Stone Soup version 0.25-a0-435-g4b9beb1024 (webtiles) character file.

Game seed: 498551195634583237, levelgen mode: deterministic

53 MrRokkomies the Bolt Thrower (level 4, -6/28 HPs)
             Began as a Kobold Hunter on Jan 29, 2020.
             Mangled by Crazy Yiuf
             ... wielding a +4 quarterstaff of chaos
              (7 damage)
             ... on level 2 of the Dungeon.
             The game lasted 00:03:49 (1497 turns).

MrRokkomies the Bolt Thrower (Kobold Hunter)        Turns: 1497, Time: 00:03:49

Health: -6/28      AC:  5    Str: 15    XL:     4   Next: 11%
Magic:  4/4        EV: 14    Int: 12    God:
Gold:   68         SH:  0    Dex: 15    Spells: 3/3 levels left

rFire    . . .     SeeInvis .   a - +1 hand crossbow
rCold    . . .     Gourm    .   (shield restricted)
rNeg     . . .     Faith    .   j - +0 ring mail
rPois    .         Spirit   .   (no helmet)
rElec    .         Reflect  .   (no cloak)
rCorr    .         Harm     .   (no gloves)
MR       .....                  (no boots)
Stlth    +.........             (no amulet)
HPRegen  0.09/turn              (no ring)
MPRegen  0.09/turn              (no ring)

@: mighty
A: small, carnivore
a: no special abilities


You were on level 2 of the Dungeon.
You were not hungry.

You visited 1 branch of the dungeon, and saw 2 of its levels.

You collected 68 gold pieces.

Inventory:

Hand Weapons
 a - a +1 hand crossbow (weapon)
 b - a +0 short sword
Missiles
 d - 13 bolts (quivered)
Armour
 j - a +0 ring mail (worn)
Scrolls
 c - a scroll of fear {unknown}
 e - 2 scrolls of identify {unknown}
 i - 2 scrolls of remove curse {unknown}
 k - 3 scrolls of enchant weapon {unknown}
Potions
 g - a potion of might
 l - a potion of invisibility {unknown}
Comestibles
 f - 2 rations


   Skills:
 * Level 3.1 Fighting
 * Level 5.4 Crossbows
 + Level 3.0 Dodging
 + Level 2.3 Stealth


You had 3 spell levels left.
You didn't know any spells.
Your spell library was empty.

Dungeon Overview and Level Annotations

Branches:
Dungeon (2/15)

Altars:

Annotations:
D:2 Crazy Yiuf


Innate Abilities, Weirdness & Mutations

You are small and have problems with some larger weapons.
You are carnivorous and can eat meat at any time.


Message History

* * * LOW HITPOINT WARNING * * *
Crazy Yiuf burns you.
* * * LOW HITPOINT WARNING * * *
Firing (i - inventory)
d - 14 bolts (quivered)
Press: ? - help, Shift-Dir - straight line, f/p - Crazy Yiuf
Aim: Crazy Yiuf, wielding a +4 quarterstaff of chaos and wearing a +0 cloak (severely wounded)
Okay, then.
Unknown command.
You feel better.
Crazy Yiuf hits you with a +4 quarterstaff of chaos.
* * * LOW HITPOINT WARNING * * *
Space bends around you.
* * * LOW HITPOINT WARNING * * *
Firing (i - inventory)
d - 14 bolts (quivered)
Press: ? - help, Shift-Dir - straight line, f/p - Crazy Yiuf
Aim: Crazy Yiuf, wielding a +4 quarterstaff of chaos and wearing a +0 cloak (severely wounded)
You shoot a bolt. The bolt hits Crazy Yiuf.
Crazy Yiuf is almost dead.
Crazy Yiuf hits you with a +4 quarterstaff of chaos!
You die...

..[............#
..#.(77.......##
7>#777.....####
77#7..P.#### P777.P7.#
....P7..##77777
PP...7...#..7.777 ###
P7.PP7#....P.7..7#...#
7.PPP7......7777@g..(#
777.7....#.77 77#..)#
.7...##77 ### .....#
......# .(.... ##...


You could see Crazy Yiuf.

Vanquished Creatures
  A gnoll (D:1)
  2 worms (D:2)
  2 dart slugs (D:1)
  A leopard gecko (D:2)
  2 hobgoblins
  9 jackals (D:1)
  A quokka (D:2)
  A ball python (D:1)
  4 bats
  A frilled lizard (D:1)
  3 goblins
  A kobold (D:1)
  4 rats
32 creatures vanquished.

Notes
Turn   | Place    | Note
-------+----------+-------------------------------------------
     0 | D:1      | MrRokkomies the Kobold Hunter began the quest for the Orb.
     0 | D:1      | Reached XP level 1. HP: 12/12 MP: 1/1
   217 | D:1      | Reached skill level 5 in Crossbows
   217 | D:1      | Reached XP level 2. HP: 13/18 MP: 2/2
   269 | D:1      | Reached XP level 3. HP: 8/22 MP: 3/3
  1365 | D:2      | Reached XP level 4. HP: 28/28 MP: 4/4
  1483 | D:2      | Found a runed translucent door.
  1484 | D:2      | Noticed Crazy Yiuf
  1495 | D:2      | HP: 1/28 [Crazy Yiuf/+4 quarterstaff of chaos (1)]
  1497 | D:2      | Mangled by Crazy Yiuf

Levels and vault maps discovered:
D:1:      elethiomel_arrival_shortcut, layout_loops_ring, serial_glass,
          glass_columns_b, glass_columns_c, glass_columns_c, glass_columns_b,
          glass_columns_b, glass_columns_c, chequers_serial_rivers_micro_e
D:2:      layout_basic, serial_forest, infiniplex_forest_straight_2,
          infiniplex_forest_join, infiniplex_forest_clump_tiny,
          infiniplex_forest_pool, infiniplex_forest_clump_double,
          infiniplex_forest_straight_3, infiniplex_forest_clump_medium,
          infiniplex_forest_straight_2, infiniplex_forest_corner_1,
          minmay_goblin_kobold_house, uniq_crazy_yiuf_cottage

Skill      XL: |  1  2  3 |
---------------+----------+-----
Crossbows      | 5 |  5.4
Stealth        | 2 |  2.3
Fighting       | 3 |  3.1
Dodging        | 3 |  3.0

Action                   |  1- 3 |  4- 6 || total
-------------------------+-------+-------++-------
Melee: Short sword       |   125 |    19 ||   144
 Fire: Hand crossbow     |     7 |     6 ||    13
  Use: Potion            |       |     3 ||     3
 Stab: Sleeping          |     4 |       ||     4
  Eat: Chunk             |     4 |       ||     4
Armor: Leather armour    |    15 |       ||    15
       Ring mail         |     6 |    13 ||    19
Dodge: Dodged            |    90 |    30 ||   120

Table legend:
 A = Non-vault XP
 B = Vault XP
 C = Vault XP percentage of total XP
 D = Non-vault monster count
 E = Vault monster count
 F = Vault count percentage of total count
                 A         B        C        D         E       F
            +---------+---------+-------+---------+---------+-------
      Total |      77 |       0 |   0.0 |      32 |       0 |   0.0
            +---------+---------+-------+---------+---------+-------
        D:1 |      53 |       0 |   0.0 |      23 |       0 |   0.0
        D:2 |      24 |       0 |   0.0 |       9 |       0 |   0.0
            +---------+---------+-------+---------+---------+-------
